 Dungeon Crawl Stone Soup version 0.26-a0-670-g578ab304f5 (webtiles) character file.

Game seed: 10988004836699489341

418 rUSINALAPSI the Stinger (level 6, -10/33 HPs)
             Began as a Tengu Venom Mage on Oct 19, 2020.
             Was an Initiate of Nemelex Xobeh.
             Killed by nerve-wracking pain
             ... invoked by an orc priest
              (14 damage)
             ... on level 4 of the Dungeon.
             The game lasted 00:45:05 (4473 turns).

rUSINALAPSI the Stinger (Tengu Venom Mage)          Turns: 4473, Time: 00:45:06

Health: -10/33     AC:  4    Str:  9    XL:     6   Next: 93%
Magic:  5/11       EV: 27    Int: 17    God:    Nemelex Xobeh [......]
Gold:   245        SH:  0    Dex: 14    Spells: 5/11 levels left

rFire    . . .     SeeInvis .   y - +3 quarterstaff (chaos)
rCold    . . .     Faith    .   (shield currently unavailable)
rNeg     . . .     Spirit   .   f - +1 leather armour
rPois    .         Reflect  .   (helmet restricted)
rElec    .         Harm     .   (no cloak)
rCorr    .         Rampage  .   (no gloves)
MR       .....                  (boots unavailable)
Stlth    ++........             i - amulet of the acrobat
HPRegen  0.11/turn              (no ring)
MPRegen  0.12/turn              (no ring)

@: acrobat, very slightly contaminated
A: beak, talons 3, able to fly
a: Fly, Draw Escape, Draw Destruction, Draw Summoning, Renounce Religion


You were on level 4 of the Dungeon.
You worshipped Nemelex Xobeh.
Nemelex Xobeh was noncommittal.
You visited 1 branch of the dungeon, and saw 4 of its levels.

You collected 245 gold pieces.

Inventory:

Hand Weapons
 c - a +0 club
 e - a +1 short sword
 h - a +0 hunting sling
 x - a +0 dagger
 y - a +3 quarterstaff of chaos (weapon)
 z - a +2 dagger of speed {speen}
Missiles
 d - 88 stones (quivered)
 l - 61 bolts
 m - 5 silver javelins
 u - 5 poisoned darts
 v - 13 sling bullets
Armour
 a - a +0 robe
 f - a +1 leather armour (worn)
 k - a +0 robe
 p - a cursed +0 robe
 q - a +0 leather armour
 C - a +0 cloak
Jewellery
 i - an amulet of the acrobat (around neck)
Wands
 t - a wand of random effects (18)
 w - a wand of paralysis (8)
 B - a wand of acid (4)
Scrolls
 g - a scroll of amnesia
 s - 6 scrolls of identify
 A - a scroll of immolation {unknown}
 D - a scroll of remove curse
 E - 3 scrolls of magic mapping
Potions
 b - 2 potions of curing
 j - a potion of haste {unknown}
 n - a potion of stabbing {unknown}
 o - a potion of lignification {unknown}
 r - a potion of brilliance {unknown}


   Skills:
 + Level 0.7 Fighting
 + Level 2.1 Short Blades
 + Level 1.7 Staves
 + Level 2.1 Armour
 + Level 2.9 Dodging
 + Level 2.4 Stealth
 + Level 3.0 Spellcasting
 + Level 2.8 Transmutations
 + Level 0.1 Air Magic
 + Level 4.1 Poison Magic


You had 5 spell levels left.
You knew the following spells:

 Your Spells              Type           Power        Failure   Level
a - Sting                 Tmut/Pois      ##..         6%          1
b - Poisonous Vapours     Pois/Air       #.....       16%         2
c - Mephitic Cloud        Conj/Pois/Air  #.......     38%         3

Your spell library contained the following spells:

 Spells                   Type           Power        Failure   Level
 Ignite Poison            Fire/Tmut/Pois ##......     28%         3
 Olgreb's Toxic Radiance  Pois           ###.....     41%         4


Dungeon Overview and Level Annotations

Branches:
Dungeon (4/15)
 Temple: D:4-7

Altars:
Nemelex Xobeh
Xom

Annotations:
D:3 2 transporters


Innate Abilities, Weirdness & Mutations

You have a beak for a mouth.
You have claws for feet.
You can fly continuously.


Message History

Confirm with . or Enter, or press ? or * to list all spells.
The spell is quite dangerous to cast (38% risk of failure)!
Continue anyway?
Press: ? - help, Shift-Dir - straight line That beam is likely to hit you.
Continue anyway?
Uppercase [Y]es or [N]o only, please.
That beam is likely to hit you.
Continue anyway?
You miscast Mephitic Cloud.
Electricity courses through your body! The adder bites you but does no damage.
The orc priest calls down the wrath of Beogh upon you.
Beogh smites you!
* * * LOW HITPOINT WARNING * * *
The adder barely misses you.
You kill the adder!
There is an open door here.
You see here a hound corpse.
The orc priest looks satisfied for a moment.
The orc priest calls down the wrath of Beogh upon you.
Pain shoots through your body!
You die...
Your body disappears without a glow.

,,,,* #.....#*,#.##,,,##.#,##..#
,,,,* #.....#,,#.(##+##..#,.#..#
***,* #.....#,*#....#....##.#..#
,,,,* #.....#,,*#.......##†.#..#
***** #.....#,,,+......†'...#..#
,,,,* #.....#,,##...o...##..#..#
***,* #.....#,##.........##.#..#
,,*,**#.....###...........###..#
,,,...>####.+...@...........+..#
***####* ##.######.....######..#
* #..#....†#...#'....#..# *
####..##....##†##....##..# *
#.....##[...##†#*....##..#
***####+###.####...#.#,..####..#
*,,.........########'########..#
*,**#..........................#
*,**#.......####....########...#


You could see an orc priest.

Vanquished Creatures
  A necrophage (D:4)
  A scorpion (D:2)
  Crazy Yiuf (D:4)
  2 hounds (D:4)
  An iguana (D:4)
  2 worker ants (D:4)
  3 gnolls (D:4)
  3 adders
  An ooze (D:4)
  An adder skeleton (D:4)
  A worm (D:2)
  A dart slug (D:2)
  2 leopard geckos
  6 orcs
  5 goblins
  5 hobgoblins
  2 jackals (D:1)
  2 kobolds
  4 bats (D:1)
  3 frilled lizards
  6 rats
53 creatures vanquished.

Notes
Turn   | Place    | Note
-------+----------+-------------------------------------------
     0 | D:1      | rUSINALAPSI the Tengu Venom Mage began the quest for the
                  | Orb.
     0 | D:1      | Reached XP level 1. HP: 10/10 MP: 4/4
   168 | D:1      | Reached XP level 2. HP: 7/15 MP: 3/6
   961 | D:1      | Learned a level 2 spell: Poisonous Vapours
  1208 | D:2      | Reached skill level 1 in Transmutations
  1456 | D:2      | Reached XP level 3. HP: 19/19 MP: 5/7
  1620 | D:2      | Found a shimmering altar of Xom.
  1646 | D:2      | Noticed a scorpion
  1657 | D:2      | Killed a scorpion
  1657 | D:2      | Reached skill level 1 in Short Blades
  1657 | D:2      | Reached XP level 4. HP: 24/24 MP: 5/8
  2086 | D:3      | Found a transporter.
  2170 | D:3      | Found a transporter.
  2177 | D:3      | Found a sparkling altar of Nemelex Xobeh.
  2189 | D:3      | Became a worshipper of Nemelex Xobeh the Trickster
  3100 | D:4      | Found a runed translucent door.
  3101 | D:4      | Noticed Crazy Yiuf
  3115 | D:4      | Killed Crazy Yiuf
  3115 | D:4      | Gained mutation: You can fly continuously. [Tengu growth]
  3115 | D:4      | Reached XP level 5. HP: 16/28 MP: 6/9
  3560 | D:4      | Reached skill level 1 in Armour
  3613 | D:4      | HP: 1/28 [orc/+0 club (3)]
  4163 | D:4      | Reached XP level 6. HP: 17/33 MP: 11/11
  4307 | D:4      | Learned a level 3 spell: Mephitic Cloud
  4375 | D:4      | Noticed a necrophage
  4393 | D:4      | Killed a necrophage
  4393 | D:4      | Reached skill level 4 in Poison Magic
  4456 | D:4      | Reached skill level 1 in Staves
  4473 | D:4      | Killed from afar by an orc priest

Illustrated notes

Levels and vault maps discovered:
D:1:      dpeg_arrival_stonehenge_8_columns, layout_basic, serial_bayou_ford_a
D:2:      layout_rooms, nicolae_overflow_hidden_temple, minmay_pentomino_v2
D:3:      gammafunk_steamed_eel, layout_basic, nemelex_xobeh_ov_fountains_minmay
D:4:      layout_basic, serial_shops, shop, grunt_decor_cap, minmay_pentangle,
          uniq_eustachio, uniq_crazy_yiuf_cottage

Skill      XL: |  1  2  3  4  5  6 |
---------------+-------------------+-----
Transmutations | 1 2 |  2.8
Short Blades   | 1 2 |  2.1
Armour         | 1 2 |  2.1
Spellcasting   | 3 |  3.0
Poison Magic   | 4 |  4.1
Staves         | 1 |  1.7
Fighting       | |  0.7
Dodging        | |  2.9
Stealth        | |  2.4
Air Magic      | |  0.1

Action                   |  1- 3 |  4- 6 || total
-------------------------+-------+-------++-------
Melee: Unarmed           |     8 |       ||     8
       Kick              |     7 |    19 ||    26
       Peck              |     3 |    10 ||    13
       Short sword       |    16 |     8 ||    24
       Dagger            |       |    15 ||    15
       Quarterstaff      |       |    41 ||    41
 Cast: Sting             |    31 |    36 ||    67
       Poisonous Vapours |     2 |       ||     2
       Mephitic Cloud    |       |     1 ||     1
Evoke: Wand              |       |     5 ||     5
  Use: Scroll            |     3 |     7 ||    10
 Stab: Paralysed         |       |     4 ||     4
Armor: Robe              |    13 |       ||    13
       Leather armour    |     3 |    15 ||    18
Dodge: Dodged            |    44 |    90 ||   134

Table legend: (Time is in decaauts)
 A = Elapsed time spent in this place.
 B = Non-inter-level travel time spent in this place.
 C = Inter-level travel time spent in this place.
 D = Time resting spent in this place.
 E = Time spent auto-exploring this place.
 F = Levels seen in this place.
 G = Mean time per level.
                   A        B        C        D        E       F      G
               +--------+--------+--------+--------+--------+-----+--------+
         Total |   4487 |   4471 |     16 |   1099 |    912 |   4 | 1121.8 |
       Dungeon |   4487 |   4471 |     16 |   1099 |    912 |   4 | 1121.8 |
               +--------+--------+--------+--------+--------+-----+--------+

Top non-repeatable levels by time:
     D:3: 1291 daAuts
     D:1: 1192 daAuts
     D:4: 1094 daAuts
     D:2: 910 daAuts
